[Event "Charlotte Spring Classic 2021"]
[Site "Charlotte"]
[Date "2021.03.27"]
[Round "2.1"]
[White "Wu, Rochelle"]
[Black "Prasanna Raghuram Rao"]
[Result "1-0"]
[ECO "D00"]
[WhiteElo "2126"]
[BlackElo "2437"]
[Annotator "ChessBase"]
[PlyCount "77"]
[EventDate "2021.03.22"]
[EventType "swiss"]
[EventCountry "USA"]
[SourceTitle "playchess.com"]
[Source "ChessBase"]
[SourceQuality "1"]
[TimeControl "5400+30"]

1. d4 Nf6 2. Bg5 d5 3. Nd2 c5 4. Bxf6 gxf6 5. dxc5 e5 6. e4 d4 7. Bc4 Bxc5 8. Ne2 Rg8 9. O-O Bg4 10. Kh1 Nc6 11. Nb3 Bb6 12. Qd2 Be6 13. Bxe6 fxe6 14. f4 Qe7 15. f5 O-O-O 16. Ng3 exf5 17. Rxf5 Rg6 18. Raf1 d3 19. c3 a5 20. R5f3 Qd7 21. Nc1 Qg4 22. Nxd3 Qh4 23. Qe2 Ne7 24. Nf2 Kb8 25. Nh3 Ka7 26. Rd3 Rxd3 27. Qxd3 Qg4 28. Qf3 Qe6 29. b3 a4 30. Qd3 Nc6 31. Qb5 axb3 32. axb3 Bc7 33. Nf2 Na5 34. Ra1 Qb6 35. Qxb6+ Kxb6 36. Nd3 Bd6 37. Nf5 Bf8 38. Ne3 Nc6 39. Nd5+ 1-0

[Event "Charlotte Spring Classic 2021"]
[Site "Charlotte"]
[Date "2021.03.27"]
[Round "2.2"]
[White "Ippolito, Dean"]
[Black "Singh, Hersh"]
[Result "1-0"]
[ECO "E02"]
[WhiteElo "2369"]
[BlackElo "2131"]
[Annotator "NA"]
[PlyCount "47"]
[EventDate "2021.03.22"]
[EventType "swiss"]
[EventCountry "USA"]
[SourceTitle "playchess.com"]
[Source "ChessBase"]
[SourceQuality "1"]
[TimeControl "5400+30"]

1. d4 d5 2. c4 e6 3. Nf3 Nf6 4. g3 dxc4 5. Bg2 Nc6 6. Qa4 Bd7 7. Qxc4 Na5 8. Qc3 c5 9. Bd2 Nc6 10. dxc5 Ne4 11. Qc2 Nxc5 12. b4 Na6 13. b5 Ncb4 14. Qb2 Bxb5 15. a3 Qd3 16. O-O Qc2 17. Qe5 Nd5 18. Rc1 Qa4 19. Nd4 Be7 20. Nxe6 fxe6 21. Bxd5 exd5 22. Nc3 Qg4 23. Nxb5 Qe4 24. Nd6+ 1-0

[Event "Charlotte Spring Classic 2021"]
[Site "Charlotte"]
[Date "2021.03.27"]
[Round "2.3"]
[White "Tsyganov, Igor"]
[Black "Sarkar, Justin"]
[Result "1/2-1/2"]
[ECO "D27"]
[WhiteElo "2221"]
[BlackElo "2365"]
[Annotator "NA"]
[PlyCount "60"]
[EventDate "2021.03.22"]
[EventType "swiss"]
[EventCountry "USA"]
[SourceTitle "playchess.com"]
[Source "ChessBase"]
[SourceQuality "1"]
[TimeControl "5400+30"]

1. d4 Nf6 2. Nf3 d5 3. c4 e6 4. Nc3 dxc4 5. e3 a6 6. a4 c5 7. Bxc4 Nc6 8. O-O Qc7 9. Qe2 Bd6 10. dxc5 Bxc5 11. e4 Ng4 12. g3 Nge5 13. Nxe5 Nxe5 14. Ba2 b6 15. Bf4 h6 16. Qh5 g5 17. Bxg5 Nf3+ 18. Qxf3 hxg5 19. Qf6 Rg8 20. Rfe1 Be7 21. Nd5 exd5 22. exd5 Kf8 23. Qh6+ Rg7 24. Qh8+ Rg8 25. Qh6+ Rg7 26. d6 Qxd6 27. Qh8+ Rg8 28. Qh5 Be6 29. Bxe6 fxe6 30. Qf3+ Kg7 1/2-1/2

[Event "Charlotte Spring Classic 2021"]
[Site "Charlotte"]
[Date "2021.03.27"]
[Round "2.5"]
[White "Espinosa Silva, Pedro"]
[Black "Vigorito, David"]
[Result "1/2-1/2"]
[ECO "B51"]
[WhiteElo "1755"]
[BlackElo "2339"]
[Annotator "NA"]
[PlyCount "46"]
[EventDate "2021.03.22"]
[EventType "swiss"]
[EventCountry "USA"]
[SourceTitle "playchess.com"]
[Source "ChessBase"]
[SourceQuality "1"]
[TimeControl "5400+30"]

1. e4 c5 2. Nf3 d6 3. Bb5+ Nd7 4. a4 Ngf6 5. Nc3 g6 6. d4 cxd4 7. Nxd4 Bg7 8. O-O O-O 9. Be3 a6 10. Be2 e6 11. Qd2 Qc7 12. a5 b6 13. axb6 Nxb6 14. Ndb5 axb5 15. Bxb6 Qb8 16. Bc7 Qxc7 17. Rxa8 b4 18. Nb5 Qc6 19. Ra7 Nxe4 20. Qxb4 Qxc2 21. Bd1 Qxb2 22. Qxb2 Bxb2 23. Bc2 d5 1/2-1/2

[Event "Charlotte Spring Classic 2021"]
[Site "Charlotte"]
[Date "2021.03.27"]
[Round "2.6"]
[White "Graif, William"]
[Black "Lancman, Kyle"]
[Result "1-0"]
[ECO "B27"]
[WhiteElo "2257"]
[BlackElo "1747"]
[Annotator "ChessBase"]
[PlyCount "113"]
[EventDate "2021.03.22"]
[EventType "swiss"]
[EventCountry "USA"]
[SourceTitle "playchess.com"]
[Source "ChessBase"]
[SourceQuality "1"]
[TimeControl "5400+30"]

1. e4 c5 2. Nc3 g6 3. d4 cxd4 4. Qxd4 Nf6 5. Nf3 Nc6 6. Qa4 d6 7. e5 dxe5 8. Nxe5 Bd7 9. Nxd7 Qxd7 10. Be3 Bg7 11. Rd1 Qg4 12. Qb3 Qb4 13. Qxb4 Nxb4 14. Bb5+ Nc6 15. O-O O-O 16. Bc5 Rfe8 17. Rfe1 e6 18. Na4 Rac8 19. g3 Bf8 20. c3 Bxc5 21. Nxc5 Re7 22. Rd6 b6 23. Ne4 Nxe4 24. Rxe4 Rec7 25. Rf4 Nd8 26. Kf1 Nb7 27. Rd2 Rd8 28. Rxd8+ Nxd8 29. Rd4 Nb7 30. Ke2 h5 31. Ke3 Kf8 32. Rc4 Rxc4 33. Bxc4 Ke7 34. Kd4 Kd6 35. f4 a5 36. Be2 Nd8 37. Bf3 f6 38. Kc4 Nf7 39. b4 axb4 40. cxb4 e5 41. f5 gxf5 42. Bxh5 Nh6 43. h4 e4 44. a4 f4 45. gxf4 Nf5 46. Bg6 Nxh4 47. Bxe4 f5 48. Bh1 Ng6 49. a5 bxa5 50. bxa5 Kc7 51. Kb5 Kb8 52. Kb6 Nf8 53. Bc6 Ne6 54. a6 Nc7 55. a7+ Kc8 56. a8=Q+ Nxa8+ 57. Bxa8 1-0

[Event "Charlotte Spring Classic 2021"]
[Site "Charlotte"]
[Date "2021.03.27"]
[Round "2.7"]
[White "Ladan, Nicholas"]
[Black "Titus, Andrew"]
[Result "0-1"]
[ECO "E05"]
[WhiteElo "1871"]
[BlackElo "2158"]
[Annotator "NA"]
[PlyCount "60"]
[EventDate "2021.03.22"]
[EventType "swiss"]
[EventCountry "USA"]
[SourceTitle "playchess.com"]
[Source "ChessBase"]
[SourceQuality "1"]
[TimeControl "5400+30"]

1. d4 d5 2. c4 e6 3. Nf3 Nf6 4. g3 Be7 5. Bg2 O-O 6. O-O dxc4 7. Qc2 b5 8. a4 b4 9. Nfd2 c6 10. e3 b3 11. Qxc4 Ba6 12. Qxb3 Bxf1 13. Kxf1 Nbd7 14. Na3 Rb8 15. Qc4 c5 16. Nb5 Nb6 17. Qe2 Qd7 18. dxc5 Bxc5 19. Nb3 Nxa4 20. Nxc5 Nxc5 21. Nd4 Rfc8 22. b4 Rxb4 23. Ba3 Ra4 24. Qc2 e5 25. Nc6 Rxc6 26. Bxc6 Qxc6 27. Rd1 Rxa3 28. Rd8+ Ne8 29. Qxc5 Qxc5 30. Rxe8+ Qf8 0-1

[Event "Charlotte Spring Classic 2021"]
[Site "Charlotte"]
[Date "2021.03.27"]
[Round "2.8"]
[White "Kumar, Asha"]
[Black "Wu, Derek"]
[Result "0-1"]
[ECO "E94"]
[WhiteElo "1643"]
[BlackElo "2190"]
[Annotator "ChessBase"]
[PlyCount "98"]
[EventDate "2021.03.22"]
[EventType "swiss"]
[EventCountry "USA"]
[SourceTitle "playchess.com"]
[Source "ChessBase"]
[SourceQuality "1"]
[TimeControl "5400+30"]

1. d4 Nf6 2. c4 g6 3. Nc3 Bg7 4. e4 d6 5. Nf3 O-O 6. Be2 e5 7. O-O exd4 8. Nxd4 Re8 9. f3 c6 10. Nc2 Na6 11. Bf4 Nh5 12. Bxd6 Qb6+ 13. Kh1 Qxb2 14. Na4 Qf6 15. c5 Nf4 16. Bxa6 bxa6 17. Qd2 g5 18. Rae1 Be6 19. Nb4 Bc4 20. Rf2 Bb5 21. e5 Qf5 22. g4 Qe6 23. Nc3 Rac8 24. Nxb5 axb5 25. Re4 Qg6 26. Nd3 Nd5 27. Rfe2 h5 28. h3 Re6 29. Rg2 h4 30. Rge2 Bh6 31. Re1 Rce8 32. Qa5 f5 33. Rd4 fxg4 34. fxg4 Qf7 35. Kg2 Bf8 36. Qd2 Qg6 37. Rf1 Bg7 38. Rf5 Bh6 39. Qf2 a5 40. a3 Ra8 41. Rxd5 cxd5 42. c6 Bg7 43. Nc5 Rxd6 44. exd6 Qxd6 45. Rxg5 Qxc6 46. Qb2 d4+ 47. Kg1 Qf6 48. Ne4 Qe7 49. Qxd4 Qxg5 0-1

[Event "Charlotte Spring Classic 2021"]
[Site "Charlotte"]
[Date "2021.03.28"]
[Round "4.3"]
[White "Wang, Tianqi"]
[Black "Wu, Derek"]
[Result "1-0"]
[ECO "B23"]
[WhiteElo "2305"]
[BlackElo "2190"]
[Annotator "NA"]
[PlyCount "79"]
[EventDate "2021.03.22"]
[EventType "swiss"]
[EventCountry "USA"]
[SourceTitle "playchess.com"]
[Source "ChessBase"]
[SourceQuality "1"]
[TimeControl "5400+30"]

1. e4 c5 2. Nc3 a6 3. g3 b5 4. Bg2 Bb7 5. d3 e6 6. Nh3 b4 7. Ne2 d5 8. O-O dxe4 9. dxe4 Qxd1 10. Rxd1 Nf6 11. e5 Bxg2 12. Kxg2 Nfd7 13. f4 Nb6 14. Ng5 N8d7 15. a4 Be7 16. Ne4 f6 17. exf6 gxf6 18. a5 Nd5 19. f5 O-O-O 20. fxe6 Nf8 21. Rf1 Nxe6 22. c4 bxc3 23. N2xc3 Rhf8 24. Bh6 Rf7 25. Rae1 f5 26. Nxd5 Rxd5 27. Nc3 Rd6 28. Re5 Nc7 29. Bc1 Ne6 30. Rexf5 Rxf5 31. Rxf5 Bd8 32. Ne4 Rd1 33. Bd2 Kd7 34. Rf7+ Kc6 35. Rxh7 Rb1 36. Rh6 Kd7 37. Bc3 Bxa5 38. Bxa5 Rxb2+ 39. Kh3 Ra2 40. Bc3 1-0

[Event "Charlotte Spring Classic 2021"]
[Site "Charlotte"]
[Date "2021.03.28"]
[Round "4.4"]
[White "Aaron, Deepak"]
[Black "Wu, Rochelle"]
[Result "1-0"]
[ECO "B77"]
[WhiteElo "2300"]
[BlackElo "2126"]
[Annotator "NA"]
[PlyCount "61"]
[EventDate "2021.03.22"]
[EventType "swiss"]
[EventCountry "USA"]
[SourceTitle "playchess.com"]
[Source "ChessBase"]
[SourceQuality "1"]
[TimeControl "5400+30"]

1. e4 c5 2. Nf3 d6 3. d4 cxd4 4. Nxd4 Nf6 5. Nc3 g6 6. Be3 Bg7 7. f3 O-O 8. Qd2 Nc6 9. Bc4 Bd7 10. h4 Rc8 11. Bb3 Nxd4 12. Bxd4 b5 13. h5 e6 14. hxg6 fxg6 15. O-O-O b4 16. Ne2 a5 17. Nf4 Qe7 18. Qe2 a4 19. Bc4 Rxc4 20. Qxc4 Rc8 21. Qxb4 e5 22. Bc3 Rxc3 23. bxc3 exf4 24. Qxd6 Qxd6 25. Rxd6 Bb5 26. Rb6 Bc4 27. Rd1 Kf8 28. Rd4 Bxa2 29. e5 Nd5 30. Rb8+ Kf7 31. Rxa4 1-0

[Event "Charlotte Spring Classic 2021"]
[Site "Charlotte"]
[Date "2021.03.28"]
[Round "4.6"]
[White "Titus, Andrew"]
[Black "Fishbein, Alexander"]
[Result "0-1"]
[ECO "C81"]
[WhiteElo "2158"]
[BlackElo "2438"]
[Annotator "NA"]
[PlyCount "64"]
[EventDate "2021.03.22"]
[EventType "swiss"]
[EventCountry "USA"]
[SourceTitle "playchess.com"]
[Source "ChessBase"]
[SourceQuality "1"]
[TimeControl "5400+30"]

1. e4 e5 2. Nf3 Nc6 3. Bb5 a6 4. Ba4 Nf6 5. O-O Nxe4 6. d4 b5 7. Bb3 d5 8. dxe5 Be6 9. Nbd2 Nc5 10. Qe2 Be7 11. Rd1 O-O 12. h3 d4 13. Bxe6 Nxe6 14. Qe4 Qd7 15. Nb3 Rad8 16. c3 d3 17. Ne1 Qd5 18. Qxd5 Rxd5 19. Rxd3 Rxd3 20. Nxd3 Rd8 21. Nf4 Rd1+ 22. Kh2 Nxe5 23. Nxe6 fxe6 24. a4 Bd6 25. g3 Nf3+ 26. Kg2 Ne1+ 27. Kh2 Nc2 28. Ra2 b4 29. Be3 Nxe3 30. fxe3 Rd3 31. Ra1 Rxe3 32. Nd4 Rxg3 0-1

[Event "Charlotte Spring Classic 2021"]
[Site "Charlotte"]
[Date "2021.03.28"]
[Round "4.8"]
[White "Amburgy, Ryan"]
[Black "Vigorito, David"]
[Result "1/2-1/2"]
[ECO "A40"]
[WhiteElo "2019"]
[BlackElo "2339"]
[Annotator "NA"]
[PlyCount "59"]
[EventDate "2021.03.22"]
[EventType "swiss"]
[EventCountry "USA"]
[SourceTitle "playchess.com"]
[Source "ChessBase"]
[SourceQuality "1"]
[TimeControl "5400+30"]

1. d4 g6 2. Nc3 Bg7 3. Bf4 d6 4. e3 Nd7 5. Nf3 e5 6. Bg5 Ne7 7. dxe5 dxe5 8. Bc4 f6 9. Bh4 Nf5 10. Qe2 c6 11. O-O-O Qe7 12. Ne4 Nc5 13. Nxc5 Qxc5 14. Bg3 Bd7 15. Bf7+ Ke7 16. e4 Nd6 17. Bb3 Rhd8 18. Ne1 Nb5 19. Nd3 Nd4 20. Nxc5 Nxe2+ 21. Kb1 b6 22. Rxd7+ Rxd7 23. Nxd7 Kxd7 24. Bc4 Nxg3 25. hxg3 Rh8 26. c3 Ke7 27. Kc2 h5 28. Be2 Rd8 29. g4 hxg4 30. Bxg4 1/2-1/2

[Event "Charlotte Spring Classic 2021"]
[Site "Charlotte"]
[Date "2021.03.28"]
[Round "4.10"]
[White "Yanayt, Eugene"]
[Black "Panuganti, Kireet"]
[Result "1/2-1/2"]
[ECO "E06"]
[WhiteElo "2125"]
[BlackElo "1962"]
[Annotator "ChessBase"]
[PlyCount "122"]
[EventDate "2021.03.22"]
[EventType "swiss"]
[EventCountry "USA"]
[SourceTitle "playchess.com"]
[Source "ChessBase"]
[SourceQuality "1"]
[TimeControl "5400+30"]

1. d4 Nf6 2. c4 e6 3. Nf3 d5 4. g3 Be7 5. Bg2 O-O 6. O-O c6 7. Nc3 b6 8. Nd2 Ba6 9. b3 b5 10. Bb2 Nbd7 11. Re1 Rb8 12. e4 bxc4 13. e5 Ne8 14. Qc2 Nb6 15. Bf1 cxb3 16. axb3 Bxf1 17. Nxf1 Qc7 18. Ba3 Rc8 19. Nd2 c5 20. Qb2 Qd7 21. Nf3 c4 22. Bxe7 Qxe7 23. bxc4 Nxc4 24. Qa2 Nxe5 25. Nxe5 Rxc3 26. Qxa7 Qxa7 27. Rxa7 Rc7 28. Ra6 h5 29. h3 Nf6 30. g4 hxg4 31. hxg4 Rfc8 32. g5 Rc1 33. Rxc1 Rxc1+ 34. Kg2 Ne4 35. g6 fxg6 36. Rxe6 Rc2 37. Re8+ Kh7 38. Ng4 Rd2 39. Kf3 Rxd4 40. Ke3 Rd1 41. Re7 g5 42. f3 Nd6 43. Ke2 Rd4 44. Rd7 Ne8 45. Ke3 Rd1 46. Ke2 Rd4 47. Ke3 Ra4 48. Rxd5 Kg6 49. Ne5+ Kf6 50. Ng4+ Kg6 51. Ne5+ Kh7 52. Ng4 Nf6 53. Rxg5 Nxg4+ 54. fxg4 g6 55. Kf3 Ra3+ 56. Kf4 Kh6 57. Rb5 g5+ 58. Ke4 Ra4+ 59. Kf3 Rf4+ 60. Kg3 Rf6 61. Rb8 Ra6 1/2-1/2